 Dungeon Crawl Stone Soup version 0.32-a0-699-g1ee5eff69a (webtiles) character file.

Game seed: 11691767890664967151

91 pokeman the Magician (level 4, 0/25 HPs)
             Began as a Deep Elf Hedge Wizard on Mar 13, 2024.
             Succumbed to a gnoll's poison
             ... on level 3 of the Dungeon.
             The game lasted 00:03:51 (2048 turns).

pokeman the Magician (Deep Elf Hedge Wizard)        Turns: 2048, Time: 00:03:51

Health: 0/25       AC:  3    Str:  7    XL:     4   Next: 34%
Magic:  0/13       EV: 11    Int: 27    God:
Gold:   153        SH:  0    Dex: 14    Spells: 3/14 levels left

rFire   . . .        i - +1 war axe (elec)
rCold   . . .        (no shield)
rNeg    + . .        b - +0 robe
rPois   .            c - +0 hat
rElec   .            (no cloak)
rCorr   .            e - +0 pair of gloves
SInv    .            (no boots)
Will    .....        (no amulet)
Stlth   ++           l - ring of positive energy
HPRegen 0.24/turn    o - +6 ring of intelligence
MPRegen 0.13/turn

%: no passive effects
@: lethally poisoned (0 -> -5)
A: no striking features
a: no special abilities


You were on level 3 of the Dungeon.
You visited 1 branch of the dungeon, and saw 3 of its levels.

You collected 153 gold pieces.

Inventory:

Hand Weapons
 i - a +1 war axe of electrocution (weapon)
Armour
 b - a +0 robe (worn)
 c - a +0 hat (worn)
 e - a +0 pair of gloves (worn)
Jewellery
 l - a ring of positive energy (left hand)
 o - a +6 ring of intelligence (right hand)
Scrolls
 a - a scroll of noise {unknown}
 j - 2 scrolls of identify {unknown}
 m - 2 scrolls of teleportation {unknown}
 n - a scroll of enchant weapon {unknown}
 p - a scroll of fog {unknown}
Potions
 d - a potion of magic
 f - a potion of curing {unknown}
 g - a potion of resistance {unknown}
 h - 2 potions of heal wounds {unknown}
 k - a potion of attraction {unknown}


   Skills:
 - Level 1.1 Fighting
 - Level 1.1 Armour
 + Level 2.5 Dodging
 + Level 2.6 Stealth
 * Level 5.6 Spellcasting
 + Level 2.2 Conjurations
 - Level 1.1 Summonings
 - Level 1.1 Translocations


You had 3 spell levels left.
You knew the following spells:

 Your Spells              Type           Power      Damage    Failure   Level
a - Magic Dart            Conj           76%        1d6       2%          1
b - Mephitic Cloud        Conj/Alch/Air  11%        N/A       16%         3
c - Call Imp              Summ           26%        N/A       6%          2
d - Blink                 Tloc           26%        N/A       6%          2
e - Hailstorm             Conj/Ice       13%        3d6       13%         3

Your spell library contained the following spells:

 Spells                   Type           Power      Damage    Failure   Level
 Slow                     Hex            28%        N/A       7%          1
 Cigotuvi's Dreadful Rot  Necr/Alch/Air  14%        N/A       11%         2
 Summon Ice Beast         Ice/Summ       10%        N/A       16%         3
 Ignite Poison            Fire/Alch      7%         N/A       56%         4
 Freezing Cloud           Conj/Ice/Air   5%         6-21      80%         5
 Permafrost Eruption      Ice/Erth       3%         2x4d2     100%        6
 Sculpt Simulacrum        Ice/Alch       3%         N/A       100%        6


Dungeon Overview and Level Annotations

Branches:
Dungeon (3/15)

Altars:
Okawaru


Message History

The ball explodes into a vile cloud!
The stinking cloud engulfs the gnoll.
The gnoll is engulfed in noxious fumes.
The gnoll appears confused.
Unknown command.
Unknown command.
The gnoll is engulfed in noxious fumes.
The gnoll appears confused.
The gnoll completely misses you.
The gnoll barely misses itself.
You barely miss the gnoll.
The gnoll is engulfed in noxious fumes.
The gnoll appears confused.
The gnoll hits you with a +1 spear of venom!
You hit the gnoll.
The gnoll is moderately wounded.
You hit the gnoll.
The gnoll seems less confused.
The gnoll is engulfed in noxious fumes.
The gnoll appears confused.
The gnoll hits you with a +0 club.
The gnoll hits you with a +1 spear of venom.
You are poisoned.
The gnoll closely misses you.
The gnoll is engulfed in noxious fumes.
The gnoll hits you with a +0 club.
* * * LOW HITPOINT WARNING * * *
You slash the gnoll!
The gnoll is almost dead.
You catch the helpless gnoll completely off-guard!
You hit the gnoll.
* * * LOW HITPOINT WARNING * * *
You feel very sick.
The gnoll is engulfed in noxious fumes.
The gnoll appears confused.
The gnoll closely misses you. x2
Your magical contamination has completely faded away.
Casting: Mephitic Cloud (quite dangerous; 16% risk of failure)
Confirm with . or Enter, or press ? or * to list all spells.
Aiming: Magic Dart (safe; 2% risk of failure)
Press: ? - help, Shift-Dir - straight line, f/p - gnoll
Aim: a gnoll, wielding a +0 club (noxious fumes, severely wounded, confused, 100% to hit)
The magic dart hits the gnoll.
You kill the gnoll!
* * * LOW HITPOINT WARNING * * *
You feel sick. The gnoll hits you but does no damage.
You hit the gnoll.
You kill the gnoll!
You die...

####.........#####.
#....###.....#####.
#.........†........
#............#####.
#.).#....#...#
##..........##
#.)..##....#
####.○..##....#
#.[.@.°○......#
#.#.).#°...#... #
#.)..........
..........
#.....#....
#.......#..
###########


There were no monsters in sight!

Vanquished Creatures
  Jessica (D:2)
  3 gnolls (D:3)
  An adder (D:2)
  A dart slug (D:1)
  An orc (D:3)
  2 ball pythons
  An endoplasm (D:3)
  4 giant cockroaches
  4 hobgoblins
  4 jackals (D:1)
  2 quokkas
  2 bats (D:3)
  3 frilled lizards (D:1)
  4 kobolds
  3 rats
36 creatures vanquished.

Notes
Turn   | Place    | Note
-------+----------+-------------------------------------------
     0 | D:1      | pokeman the Deep Elf Hedge Wizard began the quest for the
                  | Orb.
     0 | D:1      | Reached XP level 1. HP: 10/10 MP: 7/7
   399 | D:1      | Reached XP level 2. HP: 15/16 MP: 9/9
  1146 | D:2      | Reached skill level 5 in Spellcasting
  1146 | D:2      | Reached XP level 3. HP: 20/20 MP: 6/11
  1151 | D:2      | Learned a level 3 spell: Mephitic Cloud
  1154 | D:2      | Learned a level 2 spell: Call Imp
  1157 | D:2      | Learned a level 2 spell: Blink
  1161 | D:2      | Learned a level 3 spell: Hailstorm
  1502 | D:2      | Noticed Jessica
  1502 | D:2      | You fall into a shaft and drop 1 floor!
  1678 | D:3      | Found an iron altar of Okawaru.
  1732 | D:3      | Found a faded altar of an unknown god.
  1733 | D:3      | Identified the +0 leather armour of Responsibility {Harm
                  | rN+ Str-4}
  1775 | D:2      | Killed Jessica
  1776 | D:2      | Reached skill level 1 in Fighting
  1776 | D:2      | Reached skill level 1 in Armour
  1779 | D:2      | Reached XP level 4. HP: 25/25 MP: 7/13
  2048 | D:3      | Succumbed to a gnoll's poison

Illustrated notes

Levels and vault maps discovered:
D:1:      shiori_arrival_maze, layout_basic
D:2:      layout_rooms, minmay_misc_feat_four_crosses, kennysheep_jessica_study,
          uniq_jessica
D:3:      layout_basic, grunt_temple_overflow_order_and_chaos_2,
          mainiacjoe_overflow_alcove_1,
          shapermc_ecumenical_altar_mp_ritualfount, skrybe_limestone_x,
          uniq_natasha

Skill      XL: |  1  2  3 |
---------------+----------+-----
Spellcasting   | 5 |  5.6
Fighting       | 1 |  1.1
Armour         | 1 |  1.1
Conjurations   | 2 |  2.2
Dodging        | |  2.5
Stealth        | |  2.6
Summonings     | |  1.1
Translocations | |  1.1

Action                     |  1- 3 |  4- 6 || total
---------------------------+-------+-------++-------
  Melee: Dagger            |     5 |       ||     5
         War axe           |     9 |     5 ||    14
   Cast: Magic Dart        |    65 |    13 ||    78
         Mephitic Cloud    |     1 |     2 ||     3
   Stab: Sleeping          |     1 |       ||     1
         Confused          |       |     1 ||     1
 Armour: Robe              |     5 |     6 ||    11
  Dodge: Dodged            |    17 |     4 ||    21

Table legend: (Time is in decaauts)
 A = Elapsed time spent in this place.
 B = Non-inter-level travel time spent in this place.
 C = Inter-level travel time spent in this place.
 D = Time resting spent in this place.
 E = Time spent auto-exploring this place.
 F = Levels seen in this place.
 G = Mean time per level.
                   A        B        C        D        E       F      G
               +--------+--------+--------+--------+--------+-----+--------+
         Total |   2052 |   2017 |     35 |      0 |   1776 |   3 |  684.0 |
       Dungeon |   2052 |   2017 |     35 |      0 |   1776 |   3 |  684.0 |
               +--------+--------+--------+--------+--------+-----+--------+

Top non-repeatable levels by time:
     D:1: 985 daAuts
     D:2: 673 daAuts
     D:3: 394 daAuts
